[Event "Titled Tuesday Blitz November 07 Early 2023"]
[White "Firouzja, Alireza"]
[Black "Melian, Juan Sebastian"]
[WhiteFideId "12573981"]
[BlackFideId "3706575"]
[WhiteElo "3074"]
[BlackElo "2656"]
[Result "1-0"]
[Round "2"]
[TimeControl "180+1"]
[Date "2023.11.07"]
[WhiteClock "0:01:39"]
[BlackClock "0:00:00"]
[Board "6"]

1. a3 d5 2. h3 e5 3. c3 Nc6 4. d4 g6 5. dxe5 Nxe5 6. Bf4 Bg7 7. Nd2 Ne7 8. e3 O-O 9. Ngf3 Nxf3+ 10. Nxf3 Bf5 11. Be2 h6 12. O-O Re8 13. Qb3 Qc8 14. Rfd1 a5 15. a4 Rd8 16. Nd4 c6 17. c4 Be6 18. Nxe6 fxe6 19. Rac1 e5 20. Bg4 Qb8 21. cxd5 cxd5 22. Bg3 Ra6 23. Bf3 Rad6 24. Rc5 b6 25. Bxd5+ Kh7 26. Rb5 R8d7 27. e4 Qd8 28. Kh2 h5 29. Bh4 Bf6 30. Bxf6 Rxf6 31. Qe3 Qc7 32. f3 Rfd6 33. Rd2 Kg7 34. Rd3 Qd8 35. Qd2 Nc6 36. Rbb3 Nd4 37. Rbc3 Qf6 38. Rc8 h4 39. Rg8+ Kh7 40. Rc8 Rd8 41. Rc7+ R8d7 42. Rc4 Kg7 43. f4 Re7 44. Kh1 1-0


[Site "https://www.chess.com"]

[Event "Titled Tuesday Blitz November 07 Early 2023"]
[White "Skliarov, Viktor"]
[Black "Duda, Jan-Krzysztof"]
[WhiteFideId "14106736"]
[BlackFideId "1170546"]
[WhiteElo "2656"]
[BlackElo "3073"]
[Result "0-1"]
[Round "2"]
[TimeControl "180+1"]
[Date "2023.11.07"]
[WhiteClock "0:00:05"]
[BlackClock "0:00:53"]
[Board "7"]

1. e4 e5 2. Nc3 Nc6 3. Bc4 Nf6 4. d3 Bb4 5. Bg5 h6 6. Bxf6 Qxf6 7. Ne2 Na5 8. Bb3 c6 9. O-O g5 10. Ng3 Nxb3 11. axb3 d6 12. Nf5 h5 13. d4 Bxf5 14. dxe5 Qxe5 15. exf5 Kd7 16. Qd3 Rhe8 17. Ra4 a5 18. h3 h4 19. Nd1 b5 20. Ra1 Bc5 21. c3 d5 22. b4 Bd6 23. f4 gxf4 24. Rf3 axb4 25. Rxa8 Rxa8 26. cxb4 Bxb4 27. f6 Bc5+ 28. Kh2 Qe1 29. Nf2 Bxf2 30. Qf5+ Kd8 0-1


[Site "https://www.chess.com"]

[Event "Titled Tuesday Blitz November 07 Early 2023"]
[White "Bluebaum, Matthias"]
[Black "HamedWafa4"]
[WhiteFideId "24651516"]
[WhiteElo "3067"]
[BlackElo "2652"]
[Result "1-0"]
[Round "2"]
[TimeControl "180+1"]
[Date "2023.11.07"]
[WhiteClock "0:01:22"]
[BlackClock "0:00:26"]
[Board "8"]

1. d4 Nf6 2. c4 e6 3. Nc3 Bb4 4. e3 O-O 5. Bd2 Bxc3 6. Bxc3 Ne4 7. Rc1 b6 8. Bd3 Nxc3 9. Rxc3 Bb7 10. Nf3 d6 11. O-O Nd7 12. e4 e5 13. Bc2 Re8 14. Re1 a5 15. Rce3 Qf6 16. Ba4 exd4 17. Nxd4 Re7 18. Bxd7 Rxd7 19. f3 g6 20. Qd2 a4 21. Nb5 Bc6 22. Nc3 a3 23. b3 Re7 24. h3 h5 25. Qc1 Qe5 26. Nd5 Bxd5 27. exd5 Qd4 28. Kh2 Rxe3 29. Qxe3 Qxe3 30. Rxe3 Kf8 31. Kg3 Rb8 32. Kf4 b5 33. cxb5 Rxb5 34. Ke4 Rb4+ 35. Kd3 Rb5 36. Kd4 Rb4+ 37. Kc3 Rb5 38. Rd3 Rc5+ 39. Kb4 Rc2 40. Kxa3 Rxg2 41. Rc3 Rh2 42. b4 Ke8 43. Rxc7 Rxh3 44. b5 Rxf3+ 45. Kb4 Rf1 46. b6 Rb1+ 47. Ka5 h4 48. b7 h3 49. Rc8+ Ke7 50. b8=Q Rxb8 51. Rxb8 g5 52. Rh8 g4 53. Kb4 f5 54. Kc3 f4 55. Kd3 g3 56. Ke2 h2 57. Kf3 Kd7 58. Rh7+ Kc8 59. a4 Kb8 60. a5 Ka8 61. a6 Kb8 62. a7+ Ka8 63. Kg2 f3+ 64. Kxf3 g2 65. Rh8+ 1-0


[Site "https://www.chess.com"]

[Event "Titled Tuesday Blitz November 07 Early 2023"]
[White "Chor, Kevin"]
[Black "Pranav, V"]
[WhiteFideId "2090740"]
[BlackFideId "25060783"]
[WhiteElo "2652"]
[BlackElo "3056"]
[Result "0-1"]
[Round "2"]
[TimeControl "180+1"]
[Date "2023.11.07"]
[WhiteClock "0:00:14"]
[BlackClock "0:00:32"]
[Board "9"]

1. e4 c6 2. d4 d5 3. exd5 cxd5 4. c4 Nf6 5. Nc3 Nc6 6. Bg5 e6 7. c5 Be7 8. Nf3 O-O 9. Bb5 Bd7 10. O-O Ne4 11. Bxe7 Qxe7 12. Qc2 f5 13. Bxc6 Bxc6 14. Ne5 Nxc3 15. Qxc3 Bb5 16. Rfe1 Rac8 17. a4 Be8 18. Qa5 a6 19. b4 f4 20. b5 Ra8 21. Qb6 Bh5 22. f3 Rfb8 23. Nd3 Bf7 24. Nxf4 Qf6 25. Nxe6 axb5 26. Nc7 Qxd4+ 27. Kh1 Rxa4 28. Rad1 Qc3 29. Nxb5 Qc2 30. Qc7 Rf8 31. Nd4 Qf2 32. Rf1 Rxd4 33. Rde1 Qb2 0-1


[Site "https://www.chess.com"]

[Event "Titled Tuesday Blitz November 07 Early 2023"]
[White "Le, Quang Liem"]
[Black "Doctor_Luber"]
[WhiteFideId "12401137"]
[WhiteElo "3049"]
[BlackElo "2649"]
[Result "1-0"]
[Round "2"]
[TimeControl "180+1"]
[Date "2023.11.07"]
[WhiteClock "0:00:52"]
[BlackClock "0:00:23"]
[Board "10"]

1. Nf3 Nf6 2. c4 g6 3. Nc3 Bg7 4. e4 d6 5. d4 O-O 6. Be2 c6 7. O-O Qc7 8. Rb1 a5 9. b3 Nbd7 10. Ba3 Re8 11. Qc2 e5 12. d5 Nc5 13. Rfd1 Bg4 14. Ne1 Bxe2 15. Qxe2 Nfd7 16. Nd3 Nxd3 17. Rxd3 c5 18. Rf1 f5 19. exf5 gxf5 20. Qh5 Rf8 21. Rh3 h6 22. Bc1 Rf6 23. g4 fxg4 24. Qxg4 Kh8 25. Ne4 Rg8 26. Kh1 Qd8 27. Nxf6 Nxf6 28. Qf5 Qf8 29. Rg1 a4 30. Rg6 Nh7 31. Qxf8 Rxf8 32. Bxh6 Bxh6 33. Rgxh6 Rf7 34. Rxd6 Rxf2 35. Rd8+ Kg7 36. Rd7+ Kg6 37. Rdxh7 a3 38. Rxb7 Rxa2 39. Rg3+ Kf5 40. Ra7 e4 41. Rg2 Rb2 42. Rxa3 1-0


[Site "https://www.chess.com"]

[Event "Titled Tuesday Blitz November 07 Early 2023"]
[White "Dowgird, Filip"]
[Black "Martinez Alcantara, Jose Eduardo"]
[WhiteFideId "1121235"]
[BlackFideId "3805662"]
[WhiteElo "2649"]
[BlackElo "3042"]
[Result "0-1"]
[Round "2"]
[TimeControl "180+1"]
[Date "2023.11.07"]
[WhiteClock "0:00:00"]
[BlackClock "0:00:22"]
[Board "11"]

1. d4 Nf6 2. Bg5 d5 3. Bxf6 gxf6 4. e3 e6 5. Nf3 c5 6. dxc5 Bxc5 7. Nbd2 Nc6 8. a3 Be7 9. Be2 O-O 10. O-O b6 11. c4 dxc4 12. Qa4 Bb7 13. Qxc4 f5 14. Rfd1 Rc8 15. Qf4 Qc7 16. Qh6 Ne5 17. Ng5 Bxg5 18. Qxg5+ Ng6 19. Bf3 Ba6 20. Nb3 Qe5 21. Nd4 Rc7 22. h4 Qg7 23. Rac1 Rc5 24. b4 Rxc1 25. Rxc1 h6 26. Qg3 f4 27. Qg4 fxe3 28. fxe3 Qe5 29. Kf2 h5 30. Qxh5 Qxh5 31. Bxh5 Nxh4 32. Rc7 Bd3 33. Rxa7 Ng6 34. a4 Rc8 35. Bxg6 Bxg6 36. a5 bxa5 37. bxa5 Bd3 38. Rb7 e5 39. Nb5 Rc2+ 40. Kf3 Ra2 41. Ra7 Bxb5 0-1


[Site "https://www.chess.com"]

[Event "Titled Tuesday Blitz November 07 Early 2023"]
[White "Pranesh M"]
[Black "Principe, Gerson"]
[WhiteFideId "35028600"]
[BlackFideId "3804550"]
[WhiteElo "3027"]
[BlackElo "2648"]
[Result "1-0"]
[Round "2"]
[TimeControl "180+1"]
[Date "2023.11.07"]
[WhiteClock "0:01:44"]
[BlackClock "0:00:14"]
[Board "12"]

1. e4 c6 2. d4 d5 3. e5 Bf5 4. Nc3 e6 5. g4 Bg6 6. Nge2 h5 7. Nf4 Ne7 8. Nxg6 Nxg6 9. gxh5 Ne7 10. Qg4 c5 11. Nb5 Nf5 12. Bd3 a6 13. Nd6+ Nxd6 14. exd6 Qxd6 15. Bf4 Qb6 16. O-O-O Nd7 17. dxc5 Nxc5 18. Bg5 Nxd3+ 19. Rxd3 Rc8 20. Re1 Qc6 21. Re2 Be7 22. Bxe7 Kxe7 23. Qg5+ Kf8 24. Rg3 Rh7 25. h6 Qc4 26. Rc3 1-0


[Site "https://www.chess.com"]

[Event "Titled Tuesday Blitz November 07 Early 2023"]
[White "Thomforde-Toates, Noah"]
[Black "Xiong, Jeffery"]
[WhiteFideId "30951992"]
[BlackFideId "2047640"]
[WhiteElo "2646"]
[BlackElo "3008"]
[Result "0-1"]
[Round "2"]
[TimeControl "180+1"]
[Date "2023.11.07"]
[WhiteClock "0:00:13"]
[BlackClock "0:00:23"]
[Board "13"]

1. d4 d5 2. Nc3 Nf6 3. Bf4 e6 4. e3 Bb4 5. Bd3 c5 6. dxc5 Nbd7 7. Ne2 Nxc5 8. a3 Nxd3+ 9. cxd3 Be7 10. O-O Bd7 11. Qb3 Bc6 12. Nd4 Nd7 13. Rfc1 e5 14. Nxc6 bxc6 15. Bg3 O-O 16. Qc2 Rc8 17. d4 exd4 18. exd4 Bf6 19. Qa4 Nb6 20. Qb4 a5 21. Qxa5 Bxd4 22. Rd1 Qf6 23. Qb4 Nc4 24. a4 h5 25. h4 Rfd8 26. a5 c5 27. Qb7 Nxb2 28. Nxd5 Rxd5 29. Qxd5 Nxd1 30. Rxd1 Qa6 31. Qxh5 Qxa5 32. Qg4 Re8 33. h5 Qa4 34. Kh2 Qc6 35. Rb1 Qe4 36. Qxe4 Rxe4 37. Rc1 Re2 38. f3 Kh7 39. Kh3 Kh6 40. Bf4+ Kxh5 41. Rb1 c4 42. Rb4 Rc2 43. Rb7 Kg6 44. Rd7 Bf6 45. g4 c3 46. Bc7 Rf2 47. Kg3 c2 48. Bf4 Re2 49. Rc7 Bb2 50. Rc6+ f6 51. Rc7 Kh7 52. g5 fxg5 53. Bxg5 Be5+ 54. Bf4 Bxc7 55. Bxc7 c1=Q 0-1


[Site "https://www.chess.com"]

[Event "Titled Tuesday Blitz November 07 Early 2023"]
[White "Janaszak, Dawid"]
[Black "Deac, Bogdan-Daniel"]
[WhiteFideId "1119206"]
[BlackFideId "1226380"]
[WhiteElo "2644"]
[BlackElo "3001"]
[Result "0-1"]
[Round "2"]
[TimeControl "180+1"]
[Date "2023.11.07"]
[WhiteClock "0:00:04"]
[BlackClock "0:00:03"]
[Board "14"]

1. e4 c5 2. Nc3 e6 3. Nge2 a6 4. g3 b5 5. Bg2 Bb7 6. O-O Nf6 7. d3 d6 8. h3 h5 9. Bg5 Be7 10. a3 Nbd7 11. f4 Qc7 12. Qd2 Bc6 13. Nd1 d5 14. e5 Ng8 15. Bxe7 Nxe7 16. d4 cxd4 17. Nxd4 g6 18. Ne3 Rc8 19. c3 Qb6 20. Kh1 Nc5 21. Rad1 Bb7 22. Kh2 Nf5 23. Rde1 Ne4 24. Bxe4 dxe4 25. Nexf5 gxf5 26. Qe3 Qc5 27. Rd1 Bd5 28. Rf2 Bc4 29. Rfd2 Bd3 30. Re1 a5 31. Kg2 b4 32. axb4 axb4 33. Rc1 Qd5 34. Kf2 bxc3 35. Rxc3 Rxc3 36. bxc3 Qa5 37. Ne2 Ke7 38. Nc1 Bc4 39. Qd4 Qc7 40. Rb2 Rd8 41. Qe3 Rd1 42. Ne2 Rd3 43. Qc1 Rf3+ 44. Kg2 Bxe2 45. Rxe2 Qxc3 46. Qe1 Qxe1 47. Rxe1 h4 48. gxh4 Rxf4 49. Kg3 Rf3+ 50. Kg2 Kf8 51. Rd1 Kg7 52. Rd7 Rd3 53. Rc7 f4 54. h5 Rg3+ 55. Kf2 e3+ 56. Ke2 Rxh3 57. h6+ Rxh6 0-1


[Site "https://www.chess.com"]

[Event "Titled Tuesday Blitz November 07 Early 2023"]
[White "Ibarra Jerez, Jose Carlos"]
[Black "Skvortsov, Andrei"]
[WhiteFideId "2226332"]
[BlackFideId "24108600"]
[WhiteElo "3001"]
[BlackElo "2637"]
[Result "0-1"]
[Round "2"]
[TimeControl "180+1"]
[Date "2023.11.07"]
[WhiteClock "0:00:01"]
[BlackClock "0:01:15"]
[Board "15"]

1. e4 d5 2. exd5 Qxd5 3. Nc3 Qe5+ 4. Be2 Bg4 5. d4 Bxe2 6. Ngxe2 Qa5 7. b4 Qxb4 8. Rb1 Qc4 9. Rxb7 Nf6 10. O-O e6 11. Nb5 Na6 12. Nec3 Bb4 13. Qf3 O-O 14. Bf4 c6 15. Be5 Ne8 16. Ne4 cxb5 17. Bxg7 Kxg7 18. Qg3+ Kh8 19. Qe5+ f6 20. Qh5 Nac7 21. c3 Qc6 22. Nc5 Bxc5 23. Qxc5 Qxc5 24. dxc5 a6 25. Rd1 Rf7 26. c6 Kg7 27. g3 e5 28. Rd7 Kf8 29. Kg2 Rc8 30. Kf3 f5 31. g4 fxg4+ 32. Ke4 Nf6+ 33. Kxe5 Nxd7+ 34. Kd6 Nf6 0-1


[Site "https://www.chess.com"]

[Event "Titled Tuesday Blitz November 07 Early 2023"]
[White "Oparin, Grigoriy"]
[Black "Kuzhylnyi, Oleksandr"]
[WhiteFideId "24125890"]
[BlackFideId "34110500"]
[WhiteElo "2981"]
[BlackElo "2636"]
[Result "1-0"]
[Round "2"]
[TimeControl "180+1"]
[Date "2023.11.07"]
[WhiteClock "0:00:50"]
[BlackClock "0:00:04"]
[Board "16"]

1. c4 g6 2. d4 Bg7 3. Nf3 d6 4. g3 Nf6 5. Bg2 O-O 6. Nc3 Nc6 7. O-O e5 8. dxe5 Nxe5 9. Nxe5 dxe5 10. Bg5 Qxd1 11. Rfxd1 h6 12. Be3 c6 13. Na4 Re8 14. h3 Bf8 15. b3 Ba3 16. Bxh6 Bf5 17. Bc1 Bxc1 18. Raxc1 Rad8 19. g4 Bc8 20. g5 Nh5 21. e3 Ng7 22. Nc5 Kf8 23. Ne4 Ke7 24. Nf6 Rxd1+ 25. Rxd1 Rd8 26. Rxd8 Kxd8 27. f3 Bf5 28. Bf1 Bb1 29. a3 Ne6 30. h4 Ke7 31. Kf2 a5 32. b4 axb4 33. axb4 c5 34. b5 Kd6 35. Ke1 Ng7 36. Kd2 b6 37. e4 Ne6 38. Kc1 Ba2 39. Kb2 Nd4 40. Kxa2 Nxf3 41. Nd5 Nxh4 42. Be2 Ng2 43. Nxb6 Nf4 44. Bg4 Nd3 45. Nd5 Nf2 46. Bf3 Nh3 47. Kb3 Nxg5 48. Bg2 f5 49. b6 Kc6 50. exf5 gxf5 51. Ka4 e4 52. Ka5 Ne6 53. Ka6 Nd8 54. Bh3 Nb7 55. Bxf5 Nd6 56. Bxe4 Nxe4 57. b7 1-0


[Site "https://www.chess.com"]

[Event "Titled Tuesday Blitz November 07 Early 2023"]
[White "Ismagilov, Damir"]
[Black "Shimanov, Aleksandr"]
[WhiteFideId "34199982"]
[BlackFideId "4198603"]
[WhiteElo "2634"]
[BlackElo "2975"]
[Result "1/2-1/2"]
[Round "2"]
[TimeControl "180+1"]
[Date "2023.11.07"]
[WhiteClock "0:00:24"]
[BlackClock "0:00:28"]
[Board "17"]

1. d4 g6 2. Bf4 Bg7 3. e3 d6 4. Nf3 Nd7 5. Bg3 e5 6. dxe5 dxe5 7. c3 Ne7 8. Nbd2 O-O 9. Be2 Nf5 10. O-O h5 11. e4 Nxg3 12. hxg3 Qe7 13. Nc4 Bh6 14. Qc2 f6 15. b4 Kg7 16. Rad1 Nb6 17. Na5 c6 18. Nb3 Be6 19. Nc5 Bf7 20. a4 Rad8 21. Rxd8 Rxd8 22. Rd1 Rxd1+ 23. Qxd1 Nc8 24. Qd7 Qxd7 25. Nxd7 Nd6 26. Bd3 Bc1 27. b5 Bb2 28. bxc6 bxc6 29. c4 Nxc4 30. Nb8 Na5 31. Na6 Kf8 32. Kf1 Ke7 33. Ke2 Kd6 34. Nd2 Bd4 35. f3 c5 36. Bb5 c4 37. Nb4 c3 38. Nb1 Kc5 39. Nc2 Nc4 40. Nba3 Nxa3 41. Nxa3 Kb4 42. Nc2+ Kb3 43. Kd3 Kb2 44. g4 hxg4 45. fxg4 Bb3 46. Nb4 c2 47. Nxc2 Bxc2+ 48. Ke2 Bxe4 49. g3 a5 50. Be8 g5 51. Kf1 Ka3 52. Bb5 Bc2 53. Ke2 Bxa4 54. Bc4 Kb4 55. Kd2 Bb5 56. Bd5 a4 57. Kc2 a3 58. Kb1 Bc4 59. Be4 a2+ 60. Kc2 Kc5 61. Bd5 Kd6 62. Bxc4 Ke7 63. Bxa2 Kf8 64. Kd3 Kg7 65. Ke4 Kh6 66. Kf5 Kg7 67. Bb3 Kh8 68. Bd5 Kg7 69. Be4 Kh7 70. Kxf6+ Kh6 71. Kf5 Bf2 72. Kxe5 Bxg3+ 73. Kf5 Bf4 74. Bd3 Bc1 75. Be2 Bd2 76. Bf3 Bc1 77. Be4 Bd2 78. Bd5 Bc1 79. Be6 Bd2 80. Bd7 Bc1 81. Bc8 Bf4 82. Bb7 Kg7 83. Bf3 Kf8 84. Ke4 Ke7 85. Kf5 Kd6 86. Be4 Kc5 87. Bf3 Kb4 88. Ba8 Kc3 89. Bb7 Kd2 90. Ba8 Ke3 91. Bb7 Kd4 92. Ba8 Kc5 93. Be4 Kb6 94. Bf3 Kc7 95. Be4 Kd6 96. Bf3 Kc5 97. Be4 Kd4 98. Bc6 Ke3 99. Bb7 Kd4 100. Ba8 Kc5 101. Bb7 Kd4 1/2-1/2


[Site "https://www.chess.com"]

[Event "Titled Tuesday Blitz November 07 Early 2023"]
[White "Matinian, Nikita"]
[Black "Makarian, Rudik"]
[WhiteFideId "24129100"]
[BlackFideId "44105681"]
[WhiteElo "2632"]
[BlackElo "2967"]
[Result "1-0"]
[Round "2"]
[TimeControl "180+1"]
[Date "2023.11.07"]
[WhiteClock "0:00:06"]
[BlackClock "0:00:00"]
[Board "18"]

1. Nf3 Nf6 2. g3 b5 3. a4 b4 4. d3 d5 5. Bg2 Bb7 6. O-O e6 7. a5 Be7 8. c4 dxc4 9. dxc4 O-O 10. Bf4 Na6 11. Nbd2 h6 12. Nb3 Qc8 13. Ne5 Bxg2 14. Kxg2 Qb7+ 15. f3 Rfd8 16. Qc2 Nd7 17. Rfd1 Nxe5 18. Bxe5 Qc6 19. h4 Nc5 20. Nxc5 Qxc5 21. Bf4 Bf6 22. a6 Rab8 23. Qb3 Bd4 24. Rd3 Be5 25. Rad1 Rxd3 26. Rxd3 Bxf4 27. gxf4 Qc6 28. Qa2 Re8 29. Qa5 Qxc4 30. Kf2 Qxf4 31. Qc5 Qxh4+ 32. Kf1 Qh1+ 33. Kf2 Qh2+ 34. Kf1 Qh1+ 35. Kf2 Qh4+ 36. Kf1 Ra8 37. Qxc7 Qh1+ 38. Kf2 Qh4+ 39. Kf1 Qh1+ 40. Kf2 Qa1 41. Qb7 Rf8 42. Qxa7 Qxb2 43. Qb7 Qa2 44. a7 g5 45. Qb8 Kg7 46. Qxf8+ Kxf8 47. Rd8+ Kg7 48. a8=Q Qc4 49. Rg8+ Kf6 50. Qd8+ Kf5 51. e4+ Ke5 52. Qb8+ Kf6 53. Qd8+ Ke5 54. Qa5+ Kf6 55. Qa1+ Ke7 56. Ra8 Qc2+ 57. Kg3 Qc7+ 58. Kg2 Qc2+ 59. Kh1 Qf2 60. Ra7+ Kd6 61. Qa6+ Ke5 62. Qa1+ Kf4 63. Rxf7+ Ke3 64. Qg1 1-0


[Site "https://www.chess.com"]

[Event "Titled Tuesday Blitz November 07 Early 2023"]
[White "Volkov, Maksim"]
[Black "Kovalenko, Igor"]
[WhiteFideId "54123070"]
[BlackFideId "14117908"]
[WhiteElo "2630"]
[BlackElo "2958"]
[Result "0-1"]
[Round "2"]
[TimeControl "180+1"]
[Date "2023.11.07"]
[WhiteClock "0:00:19"]
[BlackClock "0:01:58"]
[Board "19"]

1. d4 Nf6 2. c4 e6 3. g3 c5 4. d5 exd5 5. cxd5 d6 6. Nc3 Nbd7 7. Bg2 a6 8. a4 Ne5 9. h3 g6 10. f4 Nc4 11. Nf3 Bg7 12. a5 O-O 13. Qa4 b5 14. axb6 Nxb6 15. Qd1 Bb7 16. e4 Re8 17. O-O Nxe4 18. Nxe4 Rxe4 19. Qc2 Rc4 20. Qd3 Bxd5 21. Rd1 Be4 22. Qxd6 Bd4+ 23. Rxd4 Rxd4 24. Qxc5 Rd1+ 25. Kh2 Rc8 26. Qe3 Qd5 27. Qxb6 Bxf3 28. Ra5 Rc2 0-1


[Site "https://www.chess.com"]

[Event "Titled Tuesday Blitz November 07 Early 2023"]
[White "Grigoriants, Sergey"]
[Black "Gubajdullin, Alexei"]
[WhiteFideId "4130804"]
[BlackFideId "4141202"]
[WhiteElo "2952"]
[BlackElo "2625"]
[Result "1-0"]
[Round "2"]
[TimeControl "180+1"]
[Date "2023.11.07"]
[WhiteClock "0:00:07"]
[BlackClock "0:00:00"]
[Board "20"]

1. d4 Nf6 2. c4 g6 3. f3 Bg7 4. e4 d6 5. Ne2 O-O 6. Be3 Nc6 7. Nbc3 a6 8. Rc1 e6 9. a3 b6 10. d5 Ne5 11. Nd4 Re8 12. Be2 exd5 13. cxd5 Nh5 14. O-O g5 15. Qd2 h6 16. g3 Bh3 17. Rf2 Bd7 18. Na2 Nf6 19. Qc2 g4 20. f4 Nf3+ 21. Nxf3 gxf3 22. Bxf3 Nxd5 23. Bd2 Nf6 24. Re1 c5 25. Nc3 Ng4 26. Bxg4 Bxg4 27. f5 Bh3 28. Nd5 Bd4 29. Be3 Bxe3 30. Rxe3 Qg5 31. Rf4 Re5 32. Nxb6 Rae8 33. Nc4 R5e7 34. Nxd6 Rd8 35. Qxc5 Red7 36. e5 Qe7 37. Kf2 Rc7 38. Qd4 Rc2+ 39. Re2 Rxe2+ 40. Kxe2 Qc7 41. Kd2 Rb8 42. Rf3 Qc5 43. Qxc5 1-0


[Site "https://www.chess.com"]

[Event "Titled Tuesday Blitz November 07 Early 2023"]
[White "FoxOnTheRun97"]
[Black "Harsh Suresh"]
[BlackFideId "45018464"]
[WhiteElo "2624"]
[BlackElo "2948"]
[Result "1/2-1/2"]
[Round "2"]
[TimeControl "180+1"]
[Date "2023.11.07"]
[WhiteClock "0:00:15"]
[BlackClock "0:00:12"]
[Board "21"]

1. d4 d6 2. c4 e5 3. d5 f5 4. Nc3 Nf6 5. f3 Be7 6. e4 O-O 7. Bd3 f4 8. b3 c5 9. dxc6 bxc6 10. Nge2 a5 11. c5 d5 12. Na4 Ba6 13. exd5 cxd5 14. Bb2 Bxd3 15. Qxd3 Nc6 16. Rd1 d4 17. O-O Nd5 18. Bc1 Kh8 19. g3 Ncb4 20. Qe4 Nf6 21. Qxe5 d3 22. Nxf4 Re8 23. Kg2 Bf8 24. Qg5 Qd4 25. Bb2 Qe3 26. Rfe1 Qxe1 27. Rxe1 Rxe1 28. Bc3 Ree8 29. a3 Nc2 30. Nxd3 Ne3+ 31. Kh3 Ned5 32. Bd4 Rad8 33. Bb2 h6 34. Qc1 Kg8 35. Ne5 Nc7 36. c6 Ne6 37. Ng4 Ng5+ 38. Kg2 Nxg4 39. fxg4 Re2+ 40. Kf1 Rdd2 41. Qc4+ Re6 42. c7 Kh8 43. c8=Q Rf6+ 44. Ke1 Nf3+ 45. Kf1 Nxh2+ 46. Kg1 Nf3+ 47. Kf1 Nh2+ 48. Ke1 Nf3+ 49. Kf1 Nh2+ 1/2-1/2


[Site "https://www.chess.com"]

[Event "Titled Tuesday Blitz November 07 Early 2023"]
[White "Boros, Denes"]
[Black "Belov, Alexei"]
[WhiteFideId "722340"]
[BlackFideId "4128206"]
[WhiteElo "2947"]
[BlackElo "2621"]
[Result "1/2-1/2"]
[Round "2"]
[TimeControl "180+1"]
[Date "2023.11.07"]
[WhiteClock "0:00:22"]
[BlackClock "0:00:15"]
[Board "22"]

1. d4 d5 2. Nc3 e6 3. Qd3 Nf6 4. e4 dxe4 5. Nxe4 Nbd7 6. Ng5 c5 7. Ne2 cxd4 8. Nxd4 Nc5 9. Qe3 h6 10. Ngf3 Be7 11. Bc4 O-O 12. c3 a6 13. Ne5 Qc7 14. a4 Bd6 15. Ndf3 Ncd7 16. Nxd7 Bxd7 17. Qe2 Bc6 18. Nd4 Bd5 19. Bxd5 Nxd5 20. g3 Nxc3 21. Qg4 Nd5 22. O-O Kh8 23. Qh3 Qc4 24. Rd1 Be5 25. Nf3 Qe2 26. Re1 Qxf3 27. Rxe5 Qf6 28. Re4 Rac8 1/2-1/2


[Site "https://www.chess.com"]

[Event "Titled Tuesday Blitz November 07 Early 2023"]
[White "Stepanencu, Nicodim-Cosmin"]
[Black "Rostovtsev, Dmitry"]
[WhiteFideId "1256220"]
[BlackFideId "34278320"]
[WhiteElo "2619"]
[BlackElo "2944"]
[Result "0-1"]
[Round "2"]
[TimeControl "180+1"]
[Date "2023.11.07"]
[WhiteClock "0:00:02"]
[BlackClock "0:00:12"]
[Board "23"]

1. c4 e6 2. d4 Nf6 3. Nc3 Bb4 4. Qb3 c5 5. dxc5 Na6 6. Bd2 O-O 7. Nf3 Bxc3 8. Bxc3 Nxc5 9. Qc2 b6 10. e3 Bb7 11. Be2 Nfe4 12. Bd4 a5 13. O-O Ng5 14. Nxg5 Qxg5 15. f3 Rac8 16. Rad1 d5 17. cxd5 Bxd5 18. Qb1 e5 19. h4 Qh6 20. Bxc5 Rxc5 21. f4 Qxh4 22. b4 axb4 23. Qxb4 exf4 24. Qxb6 Rc2 25. Rxd5 Rxe2 26. exf4 Qg3 27. Rf2 Re1+ 28. Rf1 Re2 29. Rf2 Re1+ 30. Rf1 Rxf1+ 31. Kxf1 Qxf4+ 32. Kg1 Qh4 33. Qe3 h6 34. Rd4 Qf6 35. a4 Ra8 36. Qd3 g6 37. Qd2 h5 38. Kh2 Qe5+ 39. Kh3 Kg7 40. Qd3 Rb8 41. Qd2 Rb3+ 42. Rd3 Qf5+ 43. g4 hxg4+ 0-1


[Site "https://www.chess.com"]

[Event "Titled Tuesday Blitz November 07 Early 2023"]
[White "Navara, David"]
[Black "Adewumi, Tanitoluwa"]
[WhiteFideId "309095"]
[BlackFideId "30966396"]
[WhiteElo "2929"]
[BlackElo "2617"]
[Result "1-0"]
[Round "2"]
[TimeControl "180+1"]
[Date "2023.11.07"]
[WhiteClock "0:00:37"]
[BlackClock "0:00:00"]
[Board "24"]

1. e4 c5 2. Nf3 Nc6 3. Nc3 Nf6 4. Bb5 d6 5. e5 dxe5 6. Nxe5 Qc7 7. d4 cxd4 8. Qxd4 Bd7 9. Bxc6 Bxc6 10. Bf4 Qc8 11. O-O-O e6 12. Nc4 Nd5 13. Ne4 Nxf4 14. Ned6+ Bxd6 15. Nxd6+ Kf8 16. Qb4 a5 17. Qa3 Ne2+ 18. Kb1 Qb8 19. Nc8+ 1-0


[Site "https://www.chess.com"]

[Event "Titled Tuesday Blitz November 07 Early 2023"]
[White "Kvaloy, Aksel Bu"]
[Black "Baskakov, Egor"]
[WhiteFideId "1528815"]
[BlackFideId "24197866"]
[WhiteElo "2615"]
[BlackElo "2928"]
[Result "0-1"]
[Round "2"]
[TimeControl "180+1"]
[Date "2023.11.07"]
[WhiteClock "0:00:21"]
[BlackClock "0:01:30"]
[Board "25"]

1. d4 Nf6 2. Nf3 e6 3. Bg5 Be7 4. Nbd2 d5 5. e3 Ne4 6. Bxe7 Qxe7 7. Bd3 f5 8. Ne5 O-O 9. f3 Qh4+ 10. g3 Nxg3 11. hxg3 Qxh1+ 12. Ke2 Qxd1+ 13. Rxd1 Nd7 14. f4 Nxe5 15. dxe5 Bd7 16. c3 c5 17. a3 a5 18. Rh1 g6 19. Bc2 b5 20. Nb3 Rfc8 21. Rc1 a4 22. Nd2 b4 23. c4 Bc6 24. Bd3 Rab8 25. cxd5 Bxd5 26. Nc4 bxa3 27. bxa3 Rb3 28. Nd6 Rb2+ 29. Ke1 c4 30. Bxf5 Rcb8 31. e4 gxf5 32. exd5 exd5 33. e6 Kf8 34. Nxf5 Rh2 35. Kf1 Rh1+ 0-1


[Site "https://www.chess.com"]

[Event "Titled Tuesday Blitz November 07 Early 2023"]
[White "Khismatullin, Denis"]
[Black "Manukyan, Sargis A."]
[WhiteFideId "4142578"]
[BlackFideId "13303970"]
[WhiteElo "2926"]
[BlackElo "2614"]
[Result "1-0"]
[Round "2"]
[TimeControl "180+1"]
[Date "2023.11.07"]
[WhiteClock "0:00:56"]
[BlackClock "0:00:20"]
[Board "26"]

1. e4 c5 2. Nf3 d6 3. d4 cxd4 4. Nxd4 Nf6 5. Nc3 g6 6. Be2 Bg7 7. O-O O-O 8. Be3 Nc6 9. Qd2 d5 10. exd5 Nxd5 11. Nxc6 bxc6 12. Rfd1 Be6 13. Nxd5 Bxd5 14. c3 Qc7 15. Bc5 Rfd8 16. Qe3 e5 17. b4 Rd7 18. c4 Be6 19. Rxd7 Bxd7 20. Rd1 Be6 21. a4 Bf8 22. a5 Bxc5 23. Qxc5 Rd8 24. Rxd8+ Qxd8 25. Qxa7 Qd2 26. Qb8+ Kg7 27. Qxe5+ f6 28. Qc7+ Kh6 29. Bf1 Qxb4 30. a6 Qa4 31. a7 Qa1 32. Qb8 Bxc4 33. Qf4+ Kg7 34. Qxc4 Qxa7 35. Qxc6 Qe7 36. g3 h5 37. Bc4 g5 38. Qe6 Qa7 39. Qg8+ Kh6 40. Qh8+ Kg6 41. Bd3+ f5 42. Qg8+ Kh6 43. Qf8+ Qg7 44. Qxg7+ Kxg7 45. Bxf5 g4 46. h3 Kf6 47. hxg4 h4 48. gxh4 Ke5 49. Kg2 Kf6 50. h5 Kg7 51. Kg3 Kh6 52. Kh4 Kg7 53. g5 Kh8 54. h6 Kg8 55. g6 Kh8 56. g7+ 1-0


[Site "https://www.chess.com"]

[Event "Titled Tuesday Blitz November 07 Early 2023"]
[White "Lamaze, Simon"]
[Black "Kukhmazov, Arsen"]
[WhiteFideId "36069264"]
[BlackFideId "24108260"]
[WhiteElo "2613"]
[BlackElo "2912"]
[Result "0-1"]
[Round "2"]
[TimeControl "180+1"]
[Date "2023.11.07"]
[WhiteClock "0:01:06"]
[BlackClock "0:01:04"]
[Board "27"]

1. e4 c6 2. d4 d5 3. e5 Bf5 4. Nc3 e6 5. g4 Bg6 6. Nge2 c5 7. h4 h5 8. Nf4 Nc6 9. gxh5 Bf5 10. Be3 cxd4 11. Bxd4 Nxd4 12. Qxd4 Ne7 13. Bd3 Nc6 14. Qa4 Bxd3 15. cxd3 Bc5 16. Nce2 Qb6 17. Rh2 Bb4+ 18. Kf1 O-O-O 19. Rc1 Kb8 20. Rg2 Rh7 21. a3 Be7 22. d4 Bxh4 23. b4 Nxd4 24. Nxd4 Qxd4 25. Qc2 Rhh8 26. Qc7+ Ka8 27. Rg4 Qxf2# 0-1


[Site "https://www.chess.com"]